 Dungeon Crawl Stone Soup version 0.32-a0-433-g08bcfe7efd (webtiles) character file.

Game seed: 9092269199233848042

175 Dittersdorf the Shield-Bearer (level 5, 0/34 HPs)
             Began as a Gargoyle Fighter on Feb 22, 2024.
             Was an Initiate of Gozag.
             Slain by an ogre
             ... wielding a +0 giant club
              (15 damage)
             ... on level 4 of the Dungeon.
             The game lasted 00:02:16 (2868 turns).

Dittersdorf the Shield-Bearer (Gargoyle Fighter)    Turns: 2868, Time: 00:02:17

Health: 0/34       AC: 11    Str: 22    XL:     5   Next: 55%
Magic:  5/5        EV: 10    Int: 14    God:    Gozag
Gold:   196        SH:  4    Dex:  9    Spells: 4/4 levels left

rFire   + . .        a - +0 flail
rCold   . . .        c - +0 buckler
rNeg    + . .        r - +2 ring mail {rF+}
rPois   ∞            (no helmet)
rElec   +            (no cloak)
rCorr   .            (no gloves)
SInv    .            (no boots)
Will    +....        q - amulet of regeneration Stlth
                     s - +6 ring of intelligence
HPRegen 1.05/turn    u - ring of willpower
MPRegen 0.09/turn

%: no passive effects
@: no status effects
A: sickness immunity, AC +4, negative energy resistance 1, electricity
resistance, torment resistance 1, petrification resistance
a: Renounce Religion, Potion Petition, Call Merchant, Bribe Branch


You were on level 4 of the Dungeon.
You worshipped Gozag.
Gozag was aware of your devotion.
You visited 1 branch of the dungeon, and saw 4 of its levels.

You collected 249 gold pieces.
You paid 53 gold pieces to Gozag.

Inventory:

Hand Weapons
 a - a +0 flail (weapon)
Armour
 c - a +0 buckler (worn)
 r - a +2 ring mail of fire resistance (worn)
Jewellery
 q - an amulet of regeneration (around neck)
 s - a +6 ring of intelligence (left hand)
 u - a ring of willpower (right hand)
Scrolls
 b - a scroll of torment {unknown}
 f - a scroll of revelation
 g - 3 scrolls of blinking {unknown}
 i - 2 scrolls of teleportation
 k - a scroll of vulnerability {unknown}
 m - a scroll of enchant armour {unknown}
 p - a scroll of identify {unknown}
Potions
 d - 4 potions of might
 e - a potion of enlightenment {unknown}
 h - 3 potions of curing {unknown}
 j - a potion of mutation {unknown}
 l - 2 potions of heal wounds {unknown}
 n - 2 potions of invisibility {unknown}
 o - 2 potions of berserk rage {unknown}
 t - a potion of lignification {unknown}
 v - a potion of resistance {unknown}


   Skills:
 + Level 4.3 Fighting
 + Level 3.2 Maces & Flails
 + Level 4.3 Armour
 + Level 4.3 Shields


You had 4 spell levels left.
You didn't know any spells.
Your spell library was empty.

Dungeon Overview and Level Annotations

Branches:
Dungeon (4/15)
 Temple: D:4-7

Altars:
Ashenzari
Elyvilon
Gozag
Kikubaaqudgha
Okawaru
Ru
Trog
Vehumet
Yredelemnul
Zin
The Shining One

Shops:
D:2 (

Annotations:
D:2 1 runed translucent door, Crazy Yiuf


Innate Abilities, Weirdness & Mutations

You are immune to sickness and miasma.
Your stone body is resilient. (AC +4)
You are immune to poison.
You resist negative energy. (rN+)
You are resistant to electric shocks. (rElec)
You are resistant to unholy torment.
You are immune to petrification.


Message History

No target in view!
No target in view!
No target in view!
No target in view!
You now have 181 gold pieces (gained 6).
You now have 196 gold pieces (gained 15).
v - a metallic sapphire potion
Found an escape hatch in the floor.
There is a stone staircase leading up here.
w - an amulet of the acrobat
Things that are here:
a +0 dagger; a goblin skeleton No target in view!
Autopickup disabled for amulets of the acrobat.
You drop an amulet of the acrobat.
An ogre comes into view. It is wielding a +0 giant club.
The ogre shouts!
Found 13 gold pieces.
The ogre hits you with a +0 giant club!!
Ouch! That really hurt!
You are too injured to fight recklessly!
You are too injured to fight recklessly!
You are too injured to fight recklessly!
You are too injured to fight recklessly!
You are too injured to fight recklessly!
You are too injured to fight recklessly!
You are too injured to fight recklessly!
You are too injured to fight recklessly!
You are too injured to fight recklessly!
You are too injured to fight recklessly!
You are too injured to fight recklessly!
You are too injured to fight recklessly!
You are too injured to fight recklessly!
You are too injured to fight recklessly!
You are too injured to fight recklessly!
You are too injured to fight recklessly!
You are too injured to fight recklessly!
The ogre attacks as it pursues you! The ogre hits you with a +0 giant club!
You die...
Your body crumbles into a pile of gold.

.........##....##...#
.......<."..##.##...#####
.....>...#####..........#
.........#####..........#
................#...#####
####..#.###<#...#####
.................#
.......#####.###.#
#.......,,#..* #@# *******
.......,,...#* #O#* *,,,,,*
,*,,,,,,..##***#..#**,,,,,*
#*,,,,,,..* *,,.....,,,,,,*
.,,,,,,,,,* *,........*****
#.,*,,***** *.........#
*,,,,*******#........##
*,,*,,,,,,,,.........#
,,,,,******##....$...#


You could see an ogre.

Vanquished Creatures
  2 iguanas (D:4)
  7 adders
  A dart slug (D:4)
  4 endoplasms
  4 giant cockroaches
  8 goblins
  2 hobgoblins
  3 jackals (D:2)
  3 quokkas
  4 ball pythons
  4 bats
  2 frilled lizards (D:1)
  A hobgoblin zombie (D:4)
  6 kobolds
  3 orc zombies (D:4)
  7 rats
  A spectral kobold (D:1)
62 creatures vanquished.

Notes
Turn   | Place    | Note
-------+----------+-------------------------------------------
     0 | D:1      | Dittersdorf the Gargoyle Fighter began the quest for the
                  | Orb.
     0 | D:1      | Reached XP level 1. HP: 14/14 MP: 1/1
   119 | D:1      | Reached XP level 2. HP: 18/19 MP: 2/2
   160 | D:1      | Found a faded altar of an unknown god.
   765 | D:2      | Found Sitihi's Antique Weapon Emporium.
   846 | D:2      | Reached XP level 3. HP: 12/24 MP: 3/3
   989 | D:2      | Found a runed translucent door.
   990 | D:2      | Noticed Crazy Yiuf
  1592 | D:3      | Reached XP level 4. HP: 25/29 MP: 4/4
  2591 | D:4      | Found a bloodstained altar of Trog.
  2591 | D:4      | Found a broken altar of Ashenzari.
  2591 | D:4      | Found an opulent altar of Gozag.
  2591 | D:4      | Found a radiant altar of Vehumet.
  2591 | D:4      | Found a sacrificial altar of Ru.
  2619 | D:4      | Became a worshipper of Gozag Ym Sagoz the Greedy
  2621 | D:4      | Found a glowing silver altar of Zin.
  2624 | D:4      | Found a basalt altar of Yredelemnul.
  2625 | D:4      | Found a white marble altar of Elyvilon.
  2627 | D:4      | Found an ancient bone altar of Kikubaaqudgha.
  2628 | D:4      | Found a glowing golden altar of the Shining One.
  2650 | D:4      | Reached XP level 5. HP: 18/33 MP: 5/5
  2741 | D:4      | Found an iron altar of Okawaru.
  2866 | D:4      | Noticed an ogre
  2868 | D:4      | Slain by an ogre

Illustrated notes

Levels and vault maps discovered:
D:1:      dpeg_arrival_signposts, layout_rooms,
          dreamdust_ecumenical_altar_drowned_temple
D:2:      layout_loops_ring, serial_shops, shop, uniq_crazy_yiuf_cottage
D:3:      layout_basic, serial_corexii_hall, corexii_hall_statues_l,
          corexii_hall_statues_i
D:4:      layout_rooms, okawaru_gym_becter,
          nicolae_overflow_hallway_of_the_gods, st_stairs_13,
          minmay_mini_ossuary

Skill      XL: |  1  2  3  4 |
---------------+-------------+-----
Fighting       | 4 |  4.3
Armour         | 4 |  4.3
Shields        | 4 |  4.3
Maces & Flails | 3 |  3.2

Action                     |  1- 3 |  4- 6 || total
---------------------------+-------+-------++-------
  Melee: Flail             |   118 |   125 ||   243
    Use: Scroll            |       |     2 ||     2
 Armour: Scale mail        |    82 |     3 ||    85
         Ring mail         |       |    97 ||    97
  Dodge: Dodged            |    59 |    74 ||   133
  Block: Buckler           |    23 |    33 ||    56

Table legend: (Time is in decaauts)
 A = Elapsed time spent in this place.
 B = Non-inter-level travel time spent in this place.
 C = Inter-level travel time spent in this place.
 D = Time resting spent in this place.
 E = Time spent auto-exploring this place.
 F = Levels seen in this place.
 G = Mean time per level.
                   A        B        C        D        E       F      G
               +--------+--------+--------+--------+--------+-----+--------+
         Total |   2945 |   2775 |    170 |     16 |   2209 |   4 |  736.2 |
       Dungeon |   2945 |   2775 |    170 |     16 |   2209 |   4 |  736.2 |
               +--------+--------+--------+--------+--------+-----+--------+

Top non-repeatable levels by time:
     D:3: 959 daAuts
     D:2: 945 daAuts
     D:1: 726 daAuts
     D:4: 313 daAuts
